 Dungeon Crawl Stone Soup version 0.31-a0-369-g8eba5f6939 (webtiles) character file.

Game seed: 6941345185427819373

109 senseless the Changeling (level 4, -2/34 HPs)
             Began as a Merfolk Shapeshifter on July 28, 2023.
             Slain by Natasha (9 damage)
             ... on level 2 of the Dungeon.
             The game lasted 00:02:36 (1793 turns).

senseless the Changeling (Merfolk Shapeshifter)     Turns: 1793, Time: 00:02:37

Health: -2/34      AC:  2    Str: 17    XL:     4   Next: 90%
Magic:  4/4        EV: 13    Int:  7    God:
Gold:   44         SH:  0    Dex: 14    Spells: 3/3 levels left

rFire   . . .        j - +0 trident
rCold   . . .        (no shield)
rNeg    . . .        a - +0 animal skin
rPois   .            (helmet currently unavailable)
rElec   .            (cloak currently unavailable)
rCorr   .            (gloves currently unavailable)
SInv    .            (boots currently unavailable)
Will    .....        (no amulet)
Stlth   +            (no ring)
HPRegen 0.25/turn    (no ring)
MPRegen 0.09/turn

%: no passive effects
@: beast-form
A: beast (slay +3), (nimble swimmer 2), mertail
a: Begin Untransformation


You were on level 2 of the Dungeon.
You were a hulking beast.
You visited 1 branch of the dungeon, and saw 2 of its levels.

You collected 44 gold pieces.

Inventory:

Hand Weapons
 j - a +0 trident (weapon)
Armour
 a - a +0 animal skin (worn)
Talismans
 c - a beast talisman
 e - a serpent talisman
Scrolls
 d - 2 scrolls of identify {unknown}
 f - a scroll of poison {unknown}
 i - a scroll of revelation {unknown}
 l - a scroll of brand weapon {unknown}
Potions
 b - a potion of lignification
 g - a potion of curing {unknown}
 h - a potion of mutation {unknown}
 k - a potion of magic {unknown}
 m - a potion of might {unknown}


   Skills:
 + Level 2.6 Fighting
 + Level 4.0 Dodging
 + Level 4.1 Unarmed Combat
 + Level 4.6 Shapeshifting


You had 3 spell levels left.
You didn't know any spells.
Your spell library was empty.

Dungeon Overview and Level Annotations

Branches:
Dungeon (2/15)

Altars:

Annotations:
D:2 Natasha


Innate Abilities, Weirdness & Mutations

You are a hulking beast.
Your limbs bulge with bestial killing power. (Slay +3)
((You are very nimble when in or above water. (Stealth+, EV+, Speed+++)))
Your lower body shifts to a powerful aquatic tail in water.


Message History

You see here a rat skeleton.
Natasha, Servant of Life and Death comes into view.
Natasha hisses angrily.
You hit Natasha.
Natasha is moderately wounded.
Natasha claws you.
You hit Natasha. Your punch misses Natasha.
Natasha is heavily wounded.
Natasha howls an incantation.
Natasha's front paws start to glow.
Natasha claws you but does no damage.
You hit Natasha. You punch Natasha, but do no damage.
Natasha is severely wounded.
Natasha claws you. x2
You barely miss Natasha.
Natasha is severely wounded.
Natasha barely misses you.
You barely miss Natasha.
Natasha is severely wounded.
Natasha claws you.
You are too injured to fight recklessly!
You are too injured to fight recklessly!
You are too injured to fight recklessly!
You hit Natasha.
Natasha is severely wounded.
Natasha closely misses you. Natasha claws you but does no damage.
You hit Natasha.
Natasha is almost dead.
Natasha claws you.
You miss Natasha.
Natasha is almost dead.
Natasha claws you but does no damage.
You barely miss Natasha.
Natasha is almost dead.
Natasha claws you!
* * * LOW HITPOINT WARNING * * *
You closely miss Natasha.
Natasha is almost dead.
Natasha claws you!
You die...

#.....# #.####... #.....#
#.# #### ############.....#
#.# # ..........##.....# #.#
# ......)...##.....# #.# #
..........##.....# #.#######
..........##...[.# #........
................h# #########
#######.........h# #......
#..........##########รท###..
#.....................# #..
##########............###..
#......[..........
#.................
#######...........
#..........<
#######...........


You could see Natasha.

Vanquished Creatures
  Natasha (twice) (D:2)
  3 adders (D:2)
  A dart slug (D:1)
  3 ball pythons (D:1)
  An endoplasm (D:1)
  3 giant cockroaches
  4 goblins
  2 hobgoblins (D:1)
  2 kobolds (D:1)
  2 quokkas (D:1)
  3 bats
  A frilled lizard (D:1)
  4 rats
31 creatures vanquished.

Notes
Turn   | Place    | Note
-------+----------+-------------------------------------------
     0 | D:1      | senseless the Merfolk Shapeshifter began the quest for the
                  | Orb.
     0 | D:1      | Reached XP level 1. HP: 15/15 MP: 1/1
   312 | D:1      | Reached XP level 2. HP: 20/21 MP: 2/2
   646 | D:1      | Reached XP level 3. HP: 27/27 MP: 3/3
  1172 | D:2      | Noticed Natasha
  1181 | D:2      | Killed Natasha
  1182 | D:2      | Reached XP level 4. HP: 11/33 MP: 4/4
  1640 | D:2      | Noticed Natasha
  1646 | D:2      | Killed Natasha
  1781 | D:2      | Noticed Natasha
  1793 | D:2      | Slain by Natasha

Illustrated notes

Levels and vault maps discovered:
D:1:      psy_arrival_basics, layout_basic, minmay_misc_feat_cross
D:2:      layout_basic, uniq_natasha

Skill      XL: |  1  2  3  4 |
---------------+-------------+-----
Dodging        | 3 4 |  4.0
Fighting       | 2 |  2.6
Unarmed Combat | 4 |  4.1
Shapeshifting  | |  4.6

Action                     |  1- 3 |  4- 6 || total
---------------------------+-------+-------++-------
  Melee: Unarmed           |    70 |       ||    70
         Trident           |     6 |    17 ||    23
         Punch             |     1 |     1 ||     2
   Stab: Sleeping          |     3 |       ||     3
 Armour: Animal skin       |    10 |     3 ||    13
  Dodge: Dodged            |    41 |     4 ||    45

Table legend: (Time is in decaauts)
 A = Elapsed time spent in this place.
 B = Non-inter-level travel time spent in this place.
 C = Inter-level travel time spent in this place.
 D = Time resting spent in this place.
 E = Time spent auto-exploring this place.
 F = Levels seen in this place.
 G = Mean time per level.
                   A        B        C        D        E       F      G
               +--------+--------+--------+--------+--------+-----+--------+
         Total |   1794 |   1694 |    100 |      0 |   1468 |   2 |  897.0 |
       Dungeon |   1794 |   1694 |    100 |      0 |   1468 |   2 |  897.0 |
               +--------+--------+--------+--------+--------+-----+--------+

Top non-repeatable levels by time:
     D:1: 955 daAuts
     D:2: 838 daAuts
